Cogmind - Beta 16 @@@ ROGUE MODE // 2025.10.29 @ 01:18:58 Player: Venar246 Result: Destroyed by Y-45 Defender with Heavy Assault Rifle Performance ------------- Evolutions (0) 0 Regions Visited (2) 400 Robots Destroyed (14) 70 Value Destroyed (262) 262 Prototype IDs (0) 0 Alien Tech Used (0) 0 Bonus (0) 0 TOTAL SCORE: 732 Bonus ------- None Cogmind --------- Core Integrity 0/250 Matter 232/300 Energy 94/100 System Corruption 0% Temperature Cool (27) Movement Core (100) Ox1 Location -10/Mines Parts ------- > --- POWER (1) -------- (None) > --- PROPULSION (2) --- (None) > --- UTILITY (2) ------ Small Storage Unit Targeting Computer > --- WEAPON (2) ------- (None) > --- INVENTORY (8) ---- Aluminum Leg Aluminum Leg Small Matter Pod (50) Seismic Detector Propulsion Shielding Hacking Suite Hacking Suite Peak State ------------ > --- POWER ------------ Light Nuclear Core > --- PROPULSION ------- Aluminum Leg Aluminum Leg > --- UTILITY ---------- Small Storage Unit Targeting Computer > --- WEAPON ----------- Light Cannon Light Cannon > --- INVENTORY -------- Light Ion Engine Aluminum Leg Aluminum Leg Seismic Detector Hacking Suite Light Cannon Light Cannon Grenade Launcher [Rating: 10] Favorites ----------- Power Light Nuclear Core Engine Ion Engine Power Core Light Nuclear Core Propulsion Aluminum Leg Leg Aluminum Leg Utility Small Storage Unit Device Seismic Detector Storage Small Storage Unit Processor Targeting Computer Weapon Light Cannon Energy Gun Medium Laser Ballistic Cannon Light Cannon Launcher Grenade Launcher Build | -11 -10 -10 ------- Run | Yrd Mat Min Slots Evolved . | . . . Power . | . . . Propulsion . | . . . Utility . | . . . Weapon . | . . . Parts Attached 17 | 6 10 1 Power 2 | 1 1 . Engine 1 | 1 . . Core 1 | . 1 . Reactor . | . . . Propulsion 5 | 2 3 . Treads . | . . . Leg 5 | 2 3 . Wheel . | . . . Hover . | . . . Flight . | . . . Utility 3 | 1 2 . Device 1 | . 1 . Storage 1 | 1 . . Processor 1 | . 1 . Hackware . | . . . Protection . | . . . Artifact . | . . . Weapon 7 | 2 4 1 Energy Gun 2 | 2 . . Energy Cannon . | . . . Ballistic Gun . | . . . Ballistic Cannon 4 | . 4 . Launcher 1 | . . 1 Special Weapon . | . . . Impact Weapon . | . . . Slashing Weapon . | . . . Piercing Weapon . | . . . Special Melee Weapon . | . . . Unidentified Prototypes . | . . . Parts Lost 6 | . . 6 Power 1 | . . 1 Propulsion 2 | . . 2 Utility . | . . . Weapon 3 | . . 3 Highest Loss Streak 6 | . . 6 To Critical Strikes . | . . . Average Backups 6 | . 7 8 Power . | . . . Propulsion 1 | . 1 2 Utility 2 | . 2 5 Weapon 1 | . 1 1 Tool/Special . | . . . Unused Backups 10 | . 4 6 Power 1 | . 1 . Propulsion 2 | . . 2 Utility 6 | . 2 4 Weapon 1 | . 1 . Tool/Special . | . . . Average Slot Usage (%) 96 | . 97 92 Engine 5 | . 6 . Core 8 | . 7 11 Leg 27 | . 28 25 Device 2 | . 2 . Storage 14 | . 14 14 Processor 9 | . 8 14 Energy Gun 3 | . 3 . Ballistic Cannon 24 | . 24 25 Peak Build Rating 10 | 6 10 10 Average Rating 8 | 4 8 9 On Entrance 5 | . 6 10 Avg Prop Armor Cover (%) . | . . . Naked Turns . | . . . Heaviest Build 17 | 14 17 16 Greatest Support 20 | 20 20 20 Greatest Overweight (x) 2 | 2 1 1 Average Overweight (x) . | . . . Largest Inventory Capacity 8 | 8 8 8 Average Capacity 7 | 6 8 8 Most Carried 8 | 2 8 8 Average Carried 6 | . 7 7 Final Capacity 8 | 8 8 8 Final Carried 8 | 2 8 7 Class Distribution -------------------- 100% | Mutant Dominant Class ---------------- Mutant | -10/Materials Mutant | -10/Mines Resources | -11 -10 -10 ----------- Run | Yrd Mat Min Matter Collected 623 | 109 480 34 Remotely . | . . . Salvage Created 300 | . 276 24 Parts 25 | . 22 3 Haulers Intercepted 2 | . 2 . Recyclers Shooed . | . . . Parts Field Recycled . | . . . Retrieved Matter . | . . . Parts Self-Destructed . | . . . Prevented . | . . . Parts Restored . | . . . Kills | -11 -10 -10 ------- Run | Yrd Mat Min Combat Hostiles Destroyed 8 | . 4 4 Cannons 7 | . 4 3 AOE 1 | . . 1 Classes Destroyed 8 | . 7 1 Worker 1 | . 1 . Builder 1 | . 1 . Hauler 2 | . 2 . Operator 1 | . 1 . Watcher 1 | . 1 . Swarmer 4 | . 1 3 Grunt 3 | . 3 . Sentry 1 | . . 1 Best Kill Streak 3 | . 2 3 Combat Bots Only 3 | . 2 3 Max Kills in Single Turn 2 | . 2 1 Gunslinging . | . . . Exploded 1 | . . 1 Melee . | . . . Uniques/NPCs Destroyed . | . . . Combat | -11 -10 -10 -------- Run | Yrd Mat Min Hostile Shots Fired 92 | . 35 57 Missed 23 | . 11 12 Hits 69 | . 24 45 Projectile 69 | . 24 45 AOE 6 | . . 6 Critical Strikes 2 | . . 2 Damage Taken 983 | . 261 722 Core 251 | . 41 210 Absorbed by Shields . | . . . Core Remaining (%) 100 | 100 . . Volleys Fired 39 | . 24 15 Largest 2 | . 2 2 Hottest 90 | . 90 60 Shots Fired 77 | . 48 29 Gun 8 | . 8 . Cannon 68 | . 40 28 Launcher 1 | . . 1 Special . | . . . Kinetic 68 | . 40 28 Thermal 4 | . 4 . Explosive 1 | . . 1 Electromagnetic 4 | . 4 . Robot Hit Streak 4 | . 4 4 Robot Miss Streak 4 | . 4 3 Penetration Max . | . . . Secondary Targets . | . . . Shots Hit Robots 38 | . 23 15 Core Hits 18 | . 11 7 Critical Kills . | . . . Critical Parts Destroyed . | . . . Critical Strikes 3 | . 2 1 Blast 3 | . 2 1 Melee Attacks . | . . . Impact . | . . . Slashing . | . . . Piercing . | . . . Sneak Attacks . | . . . Combat Hostiles . | . . . Follow-up Attacks . | . . . Damage Inflicted 709 | . 406 303 Guns 36 | . 36 . Cannons 599 | . 350 249 Explosions 54 | . . 54 Melee . | . . . Ramming 20 | . 20 . Kinetic 599 | . 350 249 Thermal 24 | . 24 . Explosive 54 | . . 54 Electromagnetic 12 | . 12 . Impact . | . . . Slashing . | . . . Piercing . | . . . Highest Corruption . | . . . Average Corruption . | . . . Corruption Purged . | . . . Corruption Blocked . | . . . Overload Shots . | . . . Overflow Damage 12 | . 5 7 Projectiles 10 | . 5 5 Explosions 2 | . . 2 Melee . | . . . Knockbacks 1 | . 1 . Impact . | . . . Kinetic 1 | . 1 . Secondary . | . . . Self-Inflicted Damage 22 | . . 22 Shots 1 | . . 1 Rammed . | . . . Targets Rammed 4 | . 4 . Kicked 4 | . 4 . Crushed . | . . . Highest Temperature 84 | . 84 57 Average Temperature 26 | . 28 24 Received Heat Transfer 282 | . 120 162 Siege Activations . | . . . Martial Activations . | . . . Shielding Activations . | . . . Robots Disrupted . | . . . Combat Hostiles . | . . . Robots Corrupted . | . . . Combat Hostiles . | . . . Parts Fried . | . . . Impact Corruptions . | . . . Robots Melted . | . . . Combat Hostiles . | . . . Parts Melted . | . . . Heat Transferred 74 | . 74 . Parts Sabotaged . | . . . Parts Stolen . | . . . Parts Stripped . | . . . Power Chain Reactions . | . . . Alert | -11 -10 -10 ------- Run | Yrd Mat Min Maximum Alert Level . | . . . Low Security (%) 100 | 100 100 100 Level 1 . | . . . Level 2 . | . . . Level 3 . | . . . Level 4 . | . . . Level 5 . | . . . High Security . | . . . Max Security . | . . . Peak Influence 95 | . 95 62 Initial 2 | . . 2 Average 16 | . 15 40 Influence Increases 275 | . 181 94 Destroy 0b10 Robot/C 160 | . 80 80 Destroy 0b10 Robot/NC 30 | . 30 . Destroy Leader 36 | . 26 10 Disable Machine 30 | . 30 . Destroy Structure 4 | . . 4 Lose Combat Pursuer 15 | . 15 . Influence Decreases 275 | . 174 101 Entered New Map 5 | . . 5 Time Decay 214 | . 174 40 Lost Part 56 | . . 56 Squads Dispatched 3 | . 3 . Investigation 1 | . 1 . Extermination . | . . . Reinforcement 2 | . 2 . Assault . | . . . Garrison . | . . . Intercept . | . . . Searches Triggered . | . . . Construction Impeded . | . . . Haulers Reinforced . | . . . Active Scanning Responses . | . . . Cargo Convoy Interrupts . | . . . Stealth | -11 -10 -10 --------- Run | Yrd Mat Min Distress Signals 3 | . 3 . Communications Jammed . | . . . Distress Signals . | . . . Times Spotted 22 | . 15 7 Peak Tracking Total 4 | . 3 4 Tactical Retreats 1 | . 1 . Traps | -11 -10 -10 ------- Run | Yrd Mat Min Traps Triggered 1 | . 1 . Indirectly . | . . . Trap Hack Attempts . | . . . Triggered . | . . . Disarmed . | . . . Reprogrammed . | . . . Reused . | . . . Traps Extracted . | . . . Installed . | . . . Triggered . | . . . Machines | -11 -10 -10 ---------- Run | Yrd Mat Min Machines Disabled 2 | . 2 . Max in Single Turn 1 | . 1 . Machines Repaired . | . . . Machines Dismantled . | . . . Machines Sabotaged . | . . . Overloaded Fab Kills . | . . . Hacking | -11 -10 -10 --------- Run | Yrd Mat Min Machines Accessed 2 | . 2 . Terminals 2 | . 2 . Fabricators . | . . . Repair Stations . | . . . Recycling Units . | . . . Scanalyzers . | . . . Garrison Access . | . . . Total Hacks 7 | . 7 . Successful 4 | . 4 . Failed 3 | . 3 . Catastrophic . | . . . Database Lockouts . | . . . Manual 6 | . 6 . Terminals 7 | . 7 . Fabricators . | . . . Repair Stations . | . . . Recycling Units . | . . . Scanalyzers . | . . . Garrison Access . | . . . Terminal Hacks 4 | . 4 . Record 1 | . 1 . Transport Status 1 | . 1 . Hauler Manifests 1 | . 1 . Zone Layout 1 | . 1 . Fabricator Hacks . | . . . Repair Station Hacks . | . . . Recycling Unit Hacks . | . . . Scanalyzer . | . . . Garrison Access Hacks . | . . . Unauthorized Hacks . | . . . Terminals . | . . . Fabricators . | . . . Repair Stations . | . . . Recycling Units . | . . . Scanalyzers . | . . . Garrison Access . | . . . Data Cores Recovered 1 | . 1 . Used . | . . . Hacking Detections 2 | . 2 . Full Trace Events 1 | . 1 . Feedback Events . | . . . Feedback Blocked . | . . . Robot Schematics Acquired . | . . . Robots Built . | . . . Authchips . | . . . Time . | . . . Total Robot Build Rating . | . . . Part Schematics Acquired . | . . . Parts Built . | . . . Authchips . | . . . Time . | . . . Total Part Build Rating . | . . . Part Studies Acquired . | . . . Parts Repaired . | . . . Time . | . . . Parts Recycled . | . . . Recycled Matter . | . . . Retrieved Matter . | . . . Retrieved Components . | . . . Parts Scanalyzed . | . . . Part Schematics Acquired . | . . . Parts Damaged . | . . . Bothacking | -11 -10 -10 ------------ Run | Yrd Mat Min Used RIF Installer . | . . . Robots Hacked . | . . . Non-combat . | . . . Combat . | . . . Robot Hacks Applied . | . . . Relay Couplers Released . | . . . Fabnet Peak Effective % . | . . . Robots Rewired . | . . . Allies Hacked . | . . . Hacks Repelled . | . . . Allies | -11 -10 -10 -------- Run | Yrd Mat Min Total Allies . | . . . Largest Group . | . . . Highest-Rated Group . | . . . Highest-Rated Ally . | . . . Total Orders . | . . . Ally Attacks . | . . . Total Damage . | . . . Kills . | . . . Allies Corrupted . | . . . Allies Melted . | . . . Intel | -11 -10 -10 ------- Run | Yrd Mat Min Active Infowar (turns) 211 | . 211 . Seismic 211 | . 211 . Robot Analysis Total . | . . . Derelict Logs Recovered . | . . . Drone Launches . | . . . Drone Recoveries . | . . . Exploration | -11 -10 -10 ------------- Run | Yrd Mat Min Turns Passed 1179 | 75 1009 95 Spaces Moved 821 | 59 720 42 Core 14 | 13 . 1 Treads . | . . . Legs 807 | 46 720 41 Wheels . | . . . Hover . | . . . Flight . | . . . Fastest Speed 50 | 50 120 100 Average Speed 119 | 109 120 119 Slowest Speed 190 | 150 190 120 Overloaded Moves . | . . . Propulsion Burnouts . | . . . Robots Hopped . | . . . Potential Cave-ins . | . . . Cave-ins Triggered . | . . . Exploration Rate (%) 24 | 4 55 13 Regions Visited 2 Branch Regions 1 Pre-discovered Areas 1 | . . 1 Known Exits Taken . | . . . Unknown Exits Taken 2 | 1 1 . Scrap Searched . | . . . Spaces Dug . | . . . Terrain Destroyed 4 | . . 4 Melee . | . . . Projectile . | . . . AOE 4 | . . 4 Terrain Rammed . | . . . Walls Destroyed . | . . . Machines Disabled . | . . . Actions | -11 -10 -10 --------- Run | Yrd Mat Min Total 941 | 66 817 58 Wait 31 | . 31 . Move 819 | 58 719 42 Hop . | . . . Pick Up 16 | 2 14 . Fast Attach 11 | 6 5 . Attach 3 | . 2 1 Detach . | . . . Swap 6 | . 6 . Drop 12 | . 12 . Fire 39 | . 24 15 Melee . | . . . Ram . | . . . Kick 4 | . 4 . Crush . | . . . Escape Stasis . | . . . Rewire . | . . . Trap . | . . . Miscellaneous . | . . . Route ------- -11/Scrapyard -10/Materials (discovered 3 exits: [*Mat] / [*Min x2]) -10/Mines History --------- Turn | Location | Event 19 | -11/Scrapyard | Discovered new exit (range 16) 76 | -11/Scrapyard | Entered Materials 77 | -10/Materials | Met a group of wandering Federalists 315 | -10/Materials | Build established: Mutant 510 | -10/Materials | Discovered new exit (range 8) 638 | -10/Materials | Discovered new exit (range 9) 678 | -10/Materials | Discovered new exit (range 15) 1085 | -10/Materials | Entered Mines 1086 | -10/Mines | Assembled infested the area 1145 | -10/Mines | Learned location of Storage (-8) 1175 | -10/Mines | Core integrity fell below 50% 1180 | -10/Mines | Core integrity fell below 20% 1180 | -10/Mines | Destroyed by Y-45 Defender with Heavy Assault Rifle Last Messages --------------- World map updated: -8/Storage. 01147_ P8-IFL(g): "We scattered so the Unaware couldn't effectively use their advantage in numbers, and I suggest you do the same." 01147_ P8-IFL(g) slips back into the shadows. 01152_ Critical hit (Burn: +37). 01169_ Lgt. Nuclear Core destroyed. 01174_ C-45 Heavy ARC bursts open, deploying its payload. 01174_ D-53 Grenadier unfolds itself. 01174_ Lgt. Cannon destroyed. [Achievement: There's More Where That Came From] 01178_ Y-45 Defender destroyed. [Achievement: Resistances Are Futile] 01178_ Aluminum Leg destroyed. 01178_ Destroyed Aluminum Leg. 01178_ Aluminum Leg destroyed. 01178_ Grenade Launcher destroyed. 01179_ The unstable cave ceiling collapses. 01180_ Critical hit (Burn: +37). Map ----- +----------------------------------------------------+ | ?????????????????????????????????????????? | | ?????????????????????????????????????????? | | ?????????????????????????????????????????? | | ?????????????????????????????????????????? | | ?????????????????????????????????????????? | | ?????????????????????????????????????????? | | ?????????????????????????????????????????? | | ?????????????????????????????????????????? | | ?????????????????????????????????????????? | | ?????????????????????????????????????????? | | ?????????????????????????????????????????? | | ?????????????????????????????????????????? | | ?????????????????????????????????????????? | | ?????????????????????????????????????????? | | ?????????????????????????????????????????? | | ????????????????????????????#????????????? | | ??????????????????????????? ????????????? | | ??????????????"???????????? ????????????? | | ????????????? """?????????? ?????????????? | | ??????????????? ???###### ???######????? | | ????????????????? ### # ###?#"!["##???? | | ??????????????????# ##""!!""#???? | | ??????????????????# #? #???? | | ??????????????????# #? % #????? | | ??????????????????# ###+/###???? | | ??????????????????# @ #???? | | ??????????????????### ##??? | | ????????????????????## Y #??? | | ?????????????????????## d# # #??? | | ??????????????????????#### d#### ##??? | | ??????????????????????????# ### ##???? | | ?????????????????????????? ## ##????? | | ??????????????????????????# ## #?????? | | ??????????????????????????# ## #?????? | | ??????????????????????????? ## ##?????? | | ??????????????????????????? ?## #######?? | | ??????????????????????????? ??# #### #?? | | ??????????????????????????? ??# ### #?? | | ??????????????????????????? ??# = #?? | | ??????????????????????????? ??####= * #?? | | ??????????????????????????? ?????# ##?? | | ?????????????????????????????????# ###??? | | ?????????????????????????????????# %#????? | | ?????????????????????????????????# #????? | | ?????????????????????????????????# #????? | | ?????????????????????????????????# #????? | | ?????????????????????????????????# #????? | | ?????????????????????????????????# #????? | | ?????????????????????????????????# #????? | | ????????????????????????????????? #????? | +----------------------------------------------------+ Best States ------------- Heat Dissipation 25 Energy Generation 14 Energy Capacity 250 Matter Stores 300 Matter Capacity 300 Sight Range 16 Terrain Scan Density 10 Evasion (%) 55 Targeting Accuracy 5 Item Schematics ----------------- None Robot Schematics ------------------ None Fabricated ------------ Nothing Repaired ---------- Nothing Studied --------- None Alien Tech Used ----------------- None Achievements -------------- DATA ERROR: Steam Global Achievement% For Emergencies Only Organ Harvest Resistances Are Futile There's More Where That Came From Challenges ------------ None Game ------ Seed SubdwellerScrapoidFlakker Manual? 0 Play Time 00:23:05 Cumulative 34.7 hours Start 2025.10.27 @ 17:37:00 End 2025.10.29 @ 01:18:58 Sessions 9 Manual Loads 0 Difficulty Rogue Special Mode None Game No. 70 Rogue 70 Adventurer 0 Explorer 0 Win Type - Total 1 Types 1/0/0/0/0/0/0/0/0/0 Lore% 17 Gallery% 31 Achievement% 18 Wizard Run 0 Options --------- Layout 1 ASCII 0 Keyboard 0 Movement Arrows Keybinds 0 Fullscreen 1 Font 32/SmallcapsGlow Map View 50x35 Zoom Use 0% Tactical HUD 1 Map Filters NONE Filters NONE Steam 1 RUN: eaf402cc-479c-4252-b3e3-1453f0f6e606